 Dungeon Crawl Stone Soup version 0.18-a0-1225-g5d63bca (webtiles) character file.

135 Duffy the Ruffian (level 4, -2/35 HPs)
             Began as a Draconian Transmuter on Feb 3, 2016.
             Killed by divine providence
             ... invoked by an orc priest
              (11 damage)
             ... on level 2 of the Dungeon.
             The game lasted 00:02:11 (3711 turns).

Duffy the Ruffian (Draconian Transmuter)            Turns: 3711, Time: 00:02:11

Health: -2/35      AC:  5    Str: 13    XL:     4   Next: 96%
Magic:  7/7        EV: 12    Int: 14    God:
Gold:   89         SH:  0    Dex: 11    Spells: 1 memorised, 6 levels left

rFire  . . .     SeeInvis .       - Unarmed
rCold  . . .     Gourm    .     (armour unavailable)
rNeg   . . .     Faith    .     (no shield)
rPois  .         Spirit   .     (helmet restricted)
rElec  .         Dismiss  .     (no cloak)
rCorr  +         Reflect  .     (no gloves)
SustAt .         Harm     .     (no boots)
MR     .....                    (no amulet)
Stlth  +.........               (no ring)
                                e - ring of resist corrosion

@: not resistant to hostile enchantments, very unstealthy
A: unfitting armour, cold-blooded, AC +5
a: no special abilities


You were on level 2 of the Dungeon.
You were not hungry.

You visited 1 branch of the dungeon, and saw 3 of its levels.

You collected 89 gold pieces.


Innate Abilities, Weirdness & Mutations

Your plain brown scales are hard (AC +5).
Your body does not fit into most forms of armour.
You are cold-blooded and may be slowed by cold attacks.


   Skills:
 - Level 1.1 Fighting
 - Level 1.7 Dodging
 + Level 5.7 Unarmed Combat
 - Level 2.0 Spellcasting
 - Level 2.0 Transmutations


You had 6 spell levels left.
You knew the following spells:

 Your Spells              Type           Power        Failure   Level  Hunger
a - Beastly Appendage     Trmt           #.....       12%         1    ##.....

Inventory:

Missiles
 a - 35 arrows
 n - 11 poisoned needles
Jewellery
 e - a ring of resist corrosion (left hand)
Scrolls
 h - 2 scrolls of enchant weapon {unknown}
 k - a scroll of amnesia {unknown}
 l - a scroll of blinking {unknown}
 m - a scroll of identify {unknown}
 o - a scroll of remove curse {unknown}
Potions
 g - a potion of mutation {unknown}
 i - 4 potions of curing {unknown}
 j - a potion of agility {unknown}
Books
 b - a book of Changes
Comestibles
 c - 3 bread rations
 d - a slice of pizza
 f - 4 fruits
 p - a chunk of flesh
 q - a royal jelly

Dungeon Overview and Level Annotations

Branches:
Dungeon (3/15)

Altars:
Sif Muna


Message History

You are too injured to fight recklessly!
You are too injured to fight recklessly!
You are too injured to fight recklessly!
You are too injured to fight recklessly!
You are too injured to fight recklessly!
You are too injured to fight recklessly!
You are too injured to fight recklessly!
You are too injured to fight recklessly!
You are too injured to fight recklessly!
You are too injured to fight recklessly!
You are too injured to fight recklessly!
You are too injured to fight recklessly!
You are too injured to fight recklessly!
You are too injured to fight recklessly!
You hit the orc priest but do no damage.
The orc priest is heavily wounded.
The orc priest closely misses you. The kobold hits you but does no damage.
You hit the orc priest but do no damage.
The orc priest is heavily wounded.
The orc priest hits you with an enchanted falchion.
You hit the orc priest but do no damage.
The orc priest is heavily wounded.
The kobold hits you with a short sword.
The orc priest hits you with an enchanted falchion.
You hit the orc priest but do no damage.
The orc priest is heavily wounded.
The kobold misses you. The orc priest barely misses you.
You barely miss the orc priest.
The orc priest is heavily wounded.
The kobold misses you.
You hit the orc priest but do no damage.
The orc priest is heavily wounded.
The orc priest calls down the wrath of Beogh upon you.
Something smites you!
You die...

......# ##.....##
#####.# 8.....8
##.##.########.....#
#.###.##....##8...8#
.#..#.##.#####.....##
##.##.##.# #8.....8#
...##..#.# ##.....##
..###..#.# #8oK.8#
..###..#.# ###@###
#..##..#.# #####
#...#.##.# ##.##
#.#.#.##.######..#
#.#.#........##.##
..#.#.########..#
..##...........##
#..#...######.##
##.....#....#.#


You could see an orc priest and a kobold.

Action                   |  1- 3 |  4- 6 || total
-------------------------+-------+-------++-------
Melee: Unarmed           |   137 |    91 ||   228
 Stab: Sleeping          |     3 |     1 ||     4
       Distracted        |       |     1 ||     1
  Eat: Chunk             |     3 |     6 ||     9

Notes
Turn   | Place    | Note
--------------------------------------------------------------
     0 | D:1      | Duffy the Draconian Transmuter began the quest for the Orb.
     0 | D:1      | Reached XP level 1. HP: 16/16 MP: 3/3
   361 | D:1      | Reached XP level 2. HP: 17/23 MP: 5/5
   606 | D:1      | Reached skill level 4 in Unarmed Combat
  1424 | D:1      | Reached XP level 3. HP: 20/28 MP: 6/6
  2317 | D:2      | Reached XP level 4. HP: 20/35 MP: 7/7
  2445 | D:2      | Reached skill level 5 in Unarmed Combat
  3124 | D:2      | Found a faded altar to an unknown god.
  3689 | D:2      | Found a deep blue altar of Sif Muna.
  3711 | D:2      | Killed from afar by an orc priest

Vault maps used:
D:1:      kilobyte_arrival_exit_the_forest
D:2:      wad_crossroads, nicolae_overflow_hidden_temple, ecumenical_altar_1
D:3:      minmay_close_crescents

Vanquished Creatures
  A gnoll
  7 adders
  3 worms
  A giant gecko
  An orc
  A giant cockroach
  5 goblins
  8 hobgoblins
  6 jackals
  7 kobolds
  2 ball pythons
  2 bats
  2 giant newts
  6 rats
52 creatures vanquished.
